 Dungeon Crawl Stone Soup version 0.19-a0-450-g98b348d (webtiles) character file.

11 ololoev the Firebug (level 2, -3/15 HPs)
             Began as a Deep Elf Fire Elementalist on June 1, 2016.
             Was an Initiate of Elyvilon.
             Slain by an ogre
             ... wielding a +0 giant club
              (18 damage)
             ... on level 4 of the Dungeon.
             The game lasted 00:03:52 (305 turns).

ololoev the Firebug (Deep Elf Fire Elementalist)     Turns: 305, Time: 00:03:52

Health: -3/15      AC:  2    Str:  5    XL:     2   Next: 17%
Magic:  4/8        EV: 13    Int: 19    God:    Elyvilon [......]
Gold:   25         SH:  0    Dex: 15    Spells: 1 memorised, 6 levels left

rFire  . . .     SeeInvis .     i - +0 trident (freeze)
rCold  . . .     Gourm    .     a - +0 robe
rNeg   . . .     Faith    .     (no shield)
rPois  .         Spirit   .     (no helmet)
rElec  .         Dismiss  .     (no cloak)
rCorr  .         Reflect  .     (no gloves)
SustAt .         Harm     .     (no boots)
MR     .....                    (no amulet)
Stlth  ++........               (no ring)
                                (no ring)

@: not resistant to hostile enchantments, unstealthy
A: no striking features
a: Renounce Religion

Inventory:

Hand Weapons
 i - a +0 trident of freezing (weapon)
Armour
 a - a +0 robe (worn)
Scrolls
 d - a scroll of noise {unknown}
 e - a scroll of enchant armour {unknown}
 h - a scroll of identify {unknown}
Books
 b - a book of Flames

   Spells                             Type                      Level
   a - Flame Tongue                   Conjuration/Fire             1
   b - Throw Flame                    Conjuration/Fire             2
   c - Conjure Flame                  Conjuration/Fire             3
   d - Inner Flame                    Hexes/Fire                   3
   e - Sticky Flame                   Conjuration/Fire             4
   f - Fireball                       Conjuration/Fire             5
Comestibles
 c - a bread ration
 f - a slice of pizza
 g - a meat ration


   Skills:
 - Level 2.4 Dodging
 - Level 2.4 Stealth
 + Level 3.1 Spellcasting
 * Level 1.8 Conjurations
 + Level 3.6 Fire Magic
 + Level 0.0 Invocations


You had 6 spell levels left.
You knew the following spells:

 Your Spells              Type           Power        Failure   Level  Hunger
a - Flame Tongue          Conj/Fire      ##...        6%          1    None


You were on level 4 of the Dungeon.
You worshipped Elyvilon.
Elyvilon was noncommittal.
You were not hungry.

You visited 1 branch of the dungeon, and saw 4 of its levels.

You collected 25 gold pieces.

#....#.............#
##.#.####.###.##.###
#.#.# #.#....#.#
#.#.# #.#..#.#.#
#.#.#
#.#.(#.#.######
..#..
#....#..........
#.###
#.######.######. #.
#.............+
########@###### #
#O# ####..
#.########......
#.##............
#..'............
####.(..........
#######...... .O....
..h..

Notes
Turn   | Place    | Note
--------------------------------------------------------------
     0 | D:1      | ololoev the Deep Elf Fire Elementalist began the quest for the Orb.
     0 | D:1      | Reached XP level 1. HP: 10/10 MP: 6/6
   108 | D:2      | Reached XP level 2. HP: 12/15 MP: 0/8
   206 | D:4      | jacquesderrida: ;^)
   206 | D:4      | ololoev: yo peedjak!
   206 | D:4      | jacquesderrida: firebugger
   224 | D:4      | Found a white marble altar of Elyvilon.
   235 | D:4      | Became a worshipper of Elyvilon the Healer
   240 | D:4      | jacquesderrida: ayyy...
   287 | D:4      | Noticed an ogre
   305 | D:4      | Slain by an ogre

Dungeon Overview and Level Annotations

Branches:
Dungeon (4/15)
 Temple: D:4-7

Altars:
Elyvilon


Message History

The kobold shouts!
Casting: Flame Tongue
Confirm with . or Enter, or press ? or * to list all spells.
Aiming: Flame Tongue
Press: ? - help, Shift-Dir - straight line, f/p - kobold
Aim: a kobold, wielding a whip (heavily wounded)
The flame tongue hits the kobold.
You kill the kobold!
Found a stone staircase leading down.
Things that are here:
a whip; a kobold corpse
There is a stone staircase leading down here.
You climb downwards.
There is a stone staircase leading up here.
You open the door.
There is an open door here.
Your magical contamination has completely faded away.
You open the door.
There is an open door here.
Found a white marble altar of Elyvilon.
As you open the door, it creaks loudly!
There is an open door here.
There is a white marble altar of Elyvilon here.
You kneel at the altar of Elyvilon.
Elyvilon welcomes you!
You open the door.
There is an open door here.
Found a runed trident.
Found 10 gold pieces.
You see here a runed trident.
i - a runed trident Wield which item (- for none, * to show all)? (? for menu, Esc to quit)
Your +0 trident of freezing glows with a cold blue light!
i - a +0 trident of freezing (weapon)
You now have 25 gold pieces (gained 10).
Found 19 bolts.
You open the door.
Found 14 sling bullets.
There is an open door here.
An ogre comes into view. It is wielding a giant club.
A hound comes into view.
The ogre shouts!
There is an open door here.
Evoke which item? (* to show all) (? for menu, Esc to quit)
Okay, then.
Unknown command.
Casting: Flame Tongue
Confirm with . or Enter, or press ? or * to list all spells.
You can't see any susceptible monsters within range! (Use Z to cast anyway.)
Casting: Flame Tongue
Confirm with . or Enter, or press ? or * to list all spells.
Aiming: Flame Tongue
Press: ? - help, Shift-Dir - straight line, f - ogre
Aim: an ogre, wielding a giant club The flame tongue hits the ogre.
The ogre appears unharmed.
Casting: Flame Tongue
Confirm with . or Enter, or press ? or * to list all spells.
Aiming: Flame Tongue
Press: ? - help, Shift-Dir - straight line, f/p - ogre
Aim: an ogre, wielding a giant club The flame tongue hits the ogre.
The ogre is moderately wounded.
Casting: Flame Tongue
Confirm with . or Enter, or press ? or * to list all spells.
Aiming: Flame Tongue
Press: ? - help, Shift-Dir - straight line, f/p - ogre
Aim: an ogre, wielding a giant club (moderately wounded)
The flame tongue hits the ogre.
The ogre is heavily wounded.
The ogre closely misses you.
Casting: Flame Tongue
Confirm with . or Enter, or press ? or * to list all spells.
Aiming: Flame Tongue
Press: ? - help, Shift-Dir - straight line, f/p - ogre
Aim: an ogre, wielding a giant club (heavily wounded)
The flame tongue hits the ogre.
The ogre is almost dead.
The ogre hits you with a giant club!!
Ouch! That really hurt!
You die...

You could see an ogre.

Vanquished Creatures
  A giant gecko (D:1)
  2 bats
  A goblin (D:1)
  A hobgoblin (D:2)
  A jackal (D:2)
  A kobold (D:3)
  A quokka (D:2)
8 creatures vanquished.

Action                   || total
-------------------------++-------
Melee: Unarmed           ||     1
 Cast: Flame Tongue      ||    18
Armor: Robe              ||     2
Dodge: Dodged            ||     7

Vault maps used:
D:1:      kilobyte_arrival_exit_the_forest
D:2:      st_stairs_11, cheibriados_altar_1
D:3:      grunt_ministairs_11, grunt_dithmenos_smoke_and_mirrors, uniq_robin
D:4:      lemuel_doored_altar, serial_shops, shop, first_bread,
          grunt_ministairs_3
